 Dungeon Crawl Stone Soup version 0.29.1-1-gd02db6906a (webtiles) character file.

Game seed: 14389216246726344362

6 hobodrago the Shield-Bearer (level 1, -2/22 HPs)
             Began as a Troll Fighter on Oct 9, 2022.
             Slain by Sigmund
             ... wielding a +0 scythe
              (10 damage)
             ... on level 4 of the Dungeon.
             The game lasted 00:01:02 (309 turns).

hobodrago the Shield-Bearer (Troll Fighter)          Turns: 309, Time: 00:01:02

Health: -2/22      AC:  4    Str: 23    XL:     1   Next: 75%
Magic:  0/0        EV:  8    Int:  4    God:
Gold:   70         SH:  7    Dex:  9    Spells: 0/0 levels left

rFire   . . .      SeeInvis .     - Unarmed
rCold   . . .      Faith    .   b - +0 kite shield
rNeg    . . .      Spirit   .   a - +0 robe
rPois   .          Reflect  .   (helmet restricted)
rElec   .          Harm     .   (no cloak)
rCorr   .          Rampage  .   (gloves unavailable)
Will    .....                   (boots unavailable)
Stlth   +.........              (no amulet)
HPRegen 0.87/turn               (no ring)
MPRegen 0.07/turn               (no ring)

@: mighty
A: large, unfitting armour, claws 3, regeneration 1, shaggy fur 1, tough skin 1
a: no special abilities


You were on level 4 of the Dungeon.
You visited 1 branch of the dungeon, and saw 4 of its levels.

You collected 70 gold pieces.

Inventory:

Armour
 a - a +0 robe (worn)
 b - a +0 kite shield (worn)
Scrolls
 d - a scroll of torment {unknown}
 e - a scroll of fear {unknown}
Potions
 c - a potion of might
 f - a potion of curing {unknown}


   Skills:
 + Level 2.5 Fighting
 - Level 2.4 Dodging
 + Level 2.8 Shields
 * Level 2.3 Unarmed Combat


You couldn't memorise any spells.
You didn't know any spells.
Your spell library was empty.

Dungeon Overview and Level Annotations

Branches:
Dungeon (4/15)
 Temple: D:4-7

Altars:

Annotations:
D:4 Sigmund


Innate Abilities, Weirdness & Mutations

You are too large for most types of armour.
You have claws for hands.
Your natural rate of healing is unusually fast.
You are covered in fur. (AC +1)
You have tough skin. (AC +1)


Message History

There is a stone staircase leading up here.
Sigmund is nearby!
You feel very mighty all of a sudden.
Found 2 yellow potions.
A ball python comes into view.
The ball python hisses angrily.
Sigmund gestures at you while chanting.
You are confused.
You miss Sigmund. Sigmund hits you with a +0 scythe.
You miss Sigmund. You claw Sigmund!
Sigmund is heavily wounded.
Sigmund hits you with a +0 scythe!
The ball python attacks as you move away!
The ball python bites you but does no damage.
Sigmund hits you from afar with a +0 scythe.
The ball python barely misses you. The ball python barely misses you.
You miss Sigmund.
Sigmund is heavily wounded.
You feel less confused.
Sigmund drinks a potion.
Sigmund's spells are empowered!
You block the ball python's attack. Sigmund casts a spell at you.
You struggle to resist.
You closely miss Sigmund.
Sigmund is heavily wounded.
You block the ball python's attack. Sigmund closely misses you.
The ball python bites you but does no damage.
You scratch Sigmund.
Sigmund is severely wounded.
You block the ball python's attack.
You scratch Sigmund.
Sigmund is almost dead.
Sigmund points at you and mumbles some strange words.
The puff of flame hits you. The ball python bites you.
You closely miss Sigmund.
Sigmund is almost dead.
The ball python bites you. Sigmund hits you with a +0 scythe!
You die...

..........#####
...............
..............
#............
#.........!..
#..!.........
#...@........
##..S@(..##
#........[#
#.........#
#.<..?....#
#.........#
#.......|.#
##.......##
##.....##
#######


You could see Sigmund (empowered) and a ball python.

Vanquished Creatures
  2 ball pythons (D:1)
  A hobgoblin (D:1)
  A quokka (D:1)
  A kobold (D:1)
5 creatures vanquished.

Notes
Turn   | Place    | Note
-------+----------+-------------------------------------------
     0 | D:1      | hobodrago the Troll Fighter began the quest for the Orb.
     0 | D:1      | Reached XP level 1. HP: 22/22 MP: 0/0
   295 | D:4      | Noticed Sigmund
   309 | D:4      | Slain by Sigmund

Illustrated notes

Levels and vault maps discovered:
D:1:      psy_arrival_statuary, layout_loops_ring,
          shapermc_ecumenical_altar_hornbeckon, kennysheep_another_room
D:2:      layout_basic
D:3:      layout_loops_ring, st_stairs_2, minmay_misc_feat_four_crosses,
          uniq_jessica
D:4:      layout_rooms, uniq_sigmund

Action                   || total
-------------------------++-------
Melee: Unarmed           ||    20
  Use: Potion            ||     1
Armor: Robe              ||     5
Dodge: Dodged            ||     6
Block: Kite shield       ||     7
